[Event "9th Porticcio Open 2024"]
[Site "Porticcio"]
[Date "2024.07.01"]
[Round "3.6"]
[White "Roux, Baptiste"]
[Black "Clarke, Brandon G I"]
[Result "1/2-1/2"]
[ECO "B78"]
[WhiteElo "2352"]
[BlackElo "2498"]
[Annotator "TA"]
[PlyCount "93"]
[EventDate "2024.07.01"]
[EventType "swiss"]
[EventCountry "FRA"]
[SourceTitle "playchess.com"]
[Source "ChessBase"]
[SourceQuality "1"]
[TimeControl "5400+30"]

1. e4 c5 2. Nf3 d6 3. d4 cxd4 4. Nxd4 Nf6 5. Nc3 g6 6. Be3 Bg7 7. f3 O-O 8. Qd2 Nc6 9. Bc4 Bd7 10. h4 h5 11. O-O-O Rc8 12. Bb3 Ne5 13. Bg5 Rc5 14. Kb1 b5 15. g4 a5 16. gxh5 a4 17. h6 Bh8 18. h7+ Nxh7 19. Bd5 b4 20. Nce2 Qe8 21. f4 Ng4 22. Rdg1 Nf2 23. Rh2 e6 24. Rxf2 exd5 25. Nf5 Bxf5 (25... gxf5 $2 $18) 26. exf5 b3 $1 27. Nc3 (27. axb3 axb3 28. Rc1 Nxg5 29. hxg5 gxf5) (27. cxb3 $2 Qe4+ 28. Ka1 a3 $19) 27... bxc2+ $2 (27... gxf5 $2 28. Bf6+ $18 (28. cxb3 Nxg5 29. Rxg5+ Kh7 $18) (28. Nxd5 bxc2+ $18) (28. axb3 Nxg5 29. Rxg5+ Kh7 $18) (28. cxb3 Nxg5 29. Rxg5+ Kh7 $18) (28. Nxd5 bxc2+ $18) (28. axb3 Nxg5 29. Rxg5+ Kh7 $18)) (27... Nxg5 $19 28. hxg5 d4 (28... gxf5 29. Rh2 $11)) 28. Qxc2 $15 Nxg5 29. fxg6 $2 (29. hxg5 $17 {is the only way for White.} Bd4 (29... Bxc3 30. bxc3 Rc4 31. Rh1 $11) 30. Re2) 29... fxg6 (29... Ne4 30. g7 Nxc3+ (30... Nxf2 $2 31. Qxf2 Qd7 32. Qd4 $18) (30... Bxg7 31. Rfg2 $11) 31. bxc3 $15) 30. fxg5 (30. hxg5 d4 (30... Bxc3 31. bxc3 Kg7 32. f5 $17) 31. Re2 Qf7 $19) 30... Rxf2 31. Qxf2 a3 $1 (31... Bxc3 32. bxc3 Rc4 (32... Rxc3 33. Re1 $17) 33. Qf3 $11) 32. Re1 {[%emt 0:01:37] [#]} (32. Qe2 $142 Be5 (32... Qxe2 $2 33. Nxe2 axb2 34. Rd1 $19) 33. Rc1) 32... Be5 $1 $19 33. Qf3 (33. Qd2 {was called for.} Qf7 34. Qd3 axb2 35. Na4 Rc1+ 36. Rxc1 bxc1=B (36... bxc1=N $2 37. Kxc1 Qf4+ 38. Kb1 $19) 37. Kxc1 Qf4+ 38. Kb1 Qxa4 39. Qxg6+ Kf8 40. Qh6+ Ke7 41. Qh7+ Kd8 42. Qg8+ Kc7 43. Qf7+ Kb6 44. Qxd5) 33... Qb8 $19 34. Na4 Ra5 (34... Qb4 $142 35. Rf1 Bg7 (35... Qxa4 36. Qf8+ Kh7 37. Qh6+ Kg8 38. Rf8#) 36. Qxa3 Qc4 (36... Qxh4 $2 37. Nxc5 Qxg5 38. Qa8+ Kh7 39. Rh1+ $18) 37. Nxc5 Qxf1+ 38. Kc2 Qe2+ (38... dxc5 $2 39. Qa8+ Kh7 40. Qxd5 $19) 39. Kc1 dxc5 40. Qa8+ Kh7 41. Qxd5 Bxb2+ (41... Qxb2+ $2 42. Kd1 $19) 42. Kb1 Bg7) 35. Qb3 {[%emt 0:01:32] [#]} (35. Qxa3 $2 Rxa4 36. Qb3 Qxb3 37. axb3 Rxh4 $19) 35... Rb5 $2 (35... Qe8 $1 $19 36. Nc3 Qf7) 36. Qxa3 $11 Rb4 (36... Qa7 $5 37. Qd3 $8 Qxa4 38. Qxg6+ Kh8 39. Qh6+ Kg8 40. Qg6+ Kh8 41. Qh5+ Kg8 (41... Kg7 42. Qh6+ Kg8 43. Qg6+ $11) 42. Qe8+ Kg7 43. Qd7+ Kg8 44. Qe6+ Kg7 45. Qd7+ Kh8 46. Qd8+ Kg7 47. Qe7+ Kg8 48. Qe8+ Kg7 49. Qe7+ Kg8 50. Qe6+ Kg7 51. Qd7+ $11) 37. b3 $2 (37. Nc3 $11 {and White is okay.}) 37... Rxh4 $19 38. Nb2 $2 (38. Nc5 dxc5 39. Qxc5) 38... Rd4 $2 (38... Qc8 $19 39. Nd3 Qc3) 39. Qa6 $11 Qf8 40. Rxe5 ({But not} 40. Nd3 Bg7 $15) 40... dxe5 41. Qxg6+ Kh8 (41... Qg7 $5 42. Qe8+ $8 Qf8 43. Qg6+ (43. Qxf8+ $2 Kxf8 44. Kc2 Rg4 $19) 43... Qg7 44. Qe8+ Kh7 45. Qh5+ Kg8 46. Qe8+ $11) 42. Qh5+ Kg7 43. Qh6+ Kg8 44. Qg6+ Kh8 (44... Qg7 $5 45. Qe8+ $8 Qf8 46. Qg6+ $11 (46. Qxf8+ $2 Kxf8 47. Kc2 Rg4 $19)) 45. Qh5+ Kg8 46. Qg6+ Kh8 47. Qh5+ 1/2-1/2

[Event "9th Porticcio Open 2024"]
[Site "Porticcio"]
[Date "2024.07.01"]
[Round "3.7"]
[White "Lagarde, Maxime"]
[Black "Ouellet, Maili-Jade"]
[Result "1/2-1/2"]
[ECO "B30"]
[WhiteElo "2604"]
[BlackElo "2290"]
[Annotator "TA"]
[PlyCount "178"]
[EventDate "2024.07.01"]
[EventType "swiss"]
[EventCountry "FRA"]
[SourceTitle "playchess.com"]
[Source "ChessBase"]
[SourceQuality "1"]
[TimeControl "5400+30"]

1. e4 c5 2. Nf3 Nc6 3. Bb5 e6 4. O-O Nge7 5. Re1 a6 6. Bf1 d5 7. exd5 Nxd5 8. d4 Nf6 9. Be3 Be7 {[%emt 0:00:14] B30: Sicilian: 2...Nc6 3 Bb5, lines without ...g6.} 10. c4 O-O 11. Nc3 cxd4 12. Nxd4 Ne5 $1 {[%emt 0:00:26][%mdl 4] is currently scoring better than 12...Bd7.} 13. h3 Bd7 14. c5 Qc8 $146 ({Predecessor:} 14... Rc8 15. b4 a5 16. a3 b6 17. Ba6 Ra8 18. Qe2 axb4 19. axb4 bxc5 20. bxc5 Re8 21. Nb3 Qb8 22. Rab1 Qc7 23. Bf4 Rxa6 24. Bxe5 Qa7 25. Nb5 {½-½ Betker,J (2452)-Wenzel,S (2436) Danube tt5 email 2016 [1]}) 15. Rc1 Rd8 16. b4 Nc6 17. Qb3 Nxd4 18. Bxd4 Bc6 19. Be5 Nd5 20. Ne4 Qd7 21. Bc4 f6 22. Bd6 Bxd6 23. cxd6 b6 24. Bxd5 Bxd5 25. Qg3 Qf7 26. Rc7 Qg6 27. Qxg6 hxg6 28. Nc3 Rxd6 29. Nxd5 exd5 30. Ree7 Rad8 31. Rxg7+ Kh8 32. Kf1 d4 33. Rxg6 d3 34. Rc4 Kh7 35. Rg3 Rd4 36. Rxd4 Rxd4 37. Ke1 d2+ 38. Kd1 Rxb4 39. Rb3 (39. Kxd2 Rb2+ 40. Ke3 Rxa2 $17) 39... Rf4 40. f3 (40. Kxd2 Rxf2+ 41. Ke3 Rxg2 42. Rxb6 Rxa2 $11) 40... b5 41. Ra3 $1 Rb4 42. g4 (42. Rxa6 Rb1+ 43. Kxd2 Rb2+ 44. Kd3 Rxg2 $11) (42. Kxd2 $6 Rb2+ 43. Ke3 Rxg2 $11) 42... Rb1+ (42... Rd4 $16 {was worth a try.}) 43. Kxd2 $18 Rh1 44. Rxa6 Kg7 45. Ke3 Rxh3 46. Ke4 (46. Kf4 $1 $18 {and the rest is easy.}) 46... f5+ $16 47. gxf5 (47. Kxf5 $6 Rxf3+ 48. Kg5 Rf7 $11) 47... Rh2 48. a3 Kf7 49. f6 (49. Ra5 $16 Ra2 50. Ke5 (50. Rxb5 Rxa3 51. Rb4 Ra5 $11) 50... Re2+ 51. Kd6) 49... Rh4+ (49... Rc2 $11) 50. f4 $1 $16 Rh5 51. Kd4 (51. Ra5 $1 $16) 51... Rf5 $11 52. Ke3 Rc5 53. Ke4 (53. Ra5 $11) 53... Rh5 $16 54. Ra5 Rc5 55. Kd4 (55. a4 $1 $16 Rc4+ 56. Kf5 Rxa4 57. Rxb5) 55... Rc4+ $11 56. Kd5 (56. Ke5 $5) 56... Rc3 (56... Rxf4 {simplifies} 57. Rxb5 Rxf6 58. Kc5 Ke7) 57. Ra6 (57. Rxb5 Rxa3 58. Ke5 Kg6) 57... Rc4 58. Ke5 Rc5+ 59. Ke4 Rc4+ (59... Rh5 $11) 60. Kf5 $14 Rc5+ 61. Kg4 $1 Rd5 62. Ra5 $1 Rd3 63. Kg5 Rd5+ 64. f5 Rd3 $2 (64... Rd7 $16) 65. Ra7+ $18 ({And not} 65. Rxb5 Rg3+ 66. Kh4 Rxa3 $11) 65... Kf8 {[%emt 0:00:07] [#]} 66. f7 $1 Rd6 (66... Kg7 $142 67. a4 bxa4) 67. Rb7 (67. Rc7 $142 b4 68. a4 (68. axb4 Rb6 $18)) 67... Ra6 68. Rxb5 $2 (68. a4 $18 Rd6 69. axb5 (69. Rxb5 Rd1 $18)) 68... Rxa3 $11 69. Rb8+ (69. Rb7 {is interesting.} Kg7 70. Rc7 Rg3+ 71. Kh4) 69... Kxf7 70. Rb7+ Kf8 71. Kg6 Rf3 (71... Rg3+ $11 {remains equal.} 72. Kf6 Kg8) 72. Kf6 ({Better is} 72. Rb6 $16) 72... Kg8 $11 73. Rb8+ Kh7 74. Ke6 Kg7 75. Rb7+ Kf8 (75... Kg8 $11) 76. Rb5 (76. Rd7 $16) 76... Rf1 (76... Kg7 $11 {keeps the balance.}) 77. Kf6 $16 Kg8 78. Rb2 (78. Rb8+ $16 Kh7 79. Re8) 78... Rf3 {[%emt 0:00:20] [#]} (78... Ra1 $1 $11) 79. Rg2+ $1 $16 Kf8 80. Kg6 Ke7 81. Rg5 Kf8 82. Rh5 (82. Rg1 $16) 82... Kg8 $1 $11 83. Rh1 Ra3 (83... Rg3+ $11 84. Kf6 Rc3) 84. Rb1 $16 Rg3+ 85. Kf6 Rf3 86. Rb8+ Kh7 87. Rb7+ Kg8 $1 88. Rb8+ Kh7 89. Rb7+ Kg8 $1 1/2-1/2

[Event "9th Porticcio Open 2024"]
[Site "Porticcio"]
[Date "2024.07.01"]
[Round "3.8"]
[White "Priansh Das"]
[Black "Nevednichy, Vladislav"]
[Result "0-1"]
[ECO "B51"]
[WhiteElo "2263"]
[BlackElo "2471"]
[Annotator "TA"]
[PlyCount "130"]
[EventDate "2024.07.01"]
[EventType "swiss"]
[EventCountry "FRA"]
[SourceTitle "playchess.com"]
[Source "ChessBase"]
[SourceQuality "1"]
[TimeControl "5400+30"]

1. e4 c5 2. Nf3 d6 3. Bb5+ Nd7 4. O-O Ngf6 5. Re1 a6 6. Bd3 e5 7. c3 Be7 8. Bc2 {[%emt 0:00:13] White is slightly better.} O-O 9. d4 b5 10. a4 Rb8 11. d5 c4 12. Nbd2 Nc5 13. Nf1 Qc7 14. axb5 axb5 15. Ng3 b4 16. cxb4 Rxb4 17. Qd2 Qb6 18. Qc3 Bd7 19. Bd2 Rxb2 20. Reb1 Rxb1+ 21. Rxb1 Qa6 22. Ra1 Qb5 23. Rb1 Nb3 24. Bxb3 cxb3 25. Qxb3 Qxb3 26. Rxb3 Ra8 27. h3 Bd8 28. Ne1 h5 {[%emt 0:01:29] Strongly threatening ...h4.} 29. Nf3 g6 30. Bg5 Kg7 31. Nd2 Ra1+ 32. Rb1 (32. Ngf1 $11) 32... Rxb1+ $17 {[%emt 0:01:30] White is on the road to losing.} 33. Nxb1 Bb5 34. Nd2 (34. Nc3 $142 Bd3 35. Na2) 34... Bd3 35. Ngf1 Bb6 36. Ng3 (36. Bxf6+ $17 Kxf6 37. g3) 36... Bc5 37. Nb3 Ba7 {[%emt 0:00:15] A strong pair of Bishops.} 38. Nd2 Bb6 39. Bh4 {[%emt 0:05:04] [#]} Nh7 $1 40. Kh1 (40. Nf3 $142) 40... Kf8 $19 (40... Bxf2 41. Nxh5+ gxh5 42. Bxf2 $15) 41. Ngf1 g5 42. Bg3 h4 43. Bh2 Bxf2 44. g4 Nf6 45. Kg2 Be1 (45... Bxe4+ 46. Kxf2 Bxd5 47. Ne3 $11) 46. Kf3 Ke7 47. Ke3 Bb5 48. Bg1 Nd7 49. Bf2 {[%emt 0:01:00] [#]} Bxd2+ 50. Nxd2 {[%emt 0:00:05][%mdl 4096] Endgame. KBN-KBN} Nf8 51. Kf3 Ng6 52. Be3 f6 53. Kf2 Bd3 {[%emt 0:00:11] Hoping for ...Nf4.} 54. Kf3 $2 (54. Kg1) 54... Kd7 55. Kf2 Kc7 {[%emt 0:00:04] aiming for ...Nf4.} 56. Kf3 (56. Kg1 $142) 56... Nf4 57. Bxf4 exf4 {[%emt 0:01:26] KB-KN} 58. Nb3 Bf1 59. Nd4 Bxh3 60. Nb5+ Kd7 {[%emt 0:00:15] Black mates.} 61. Nc3 Bf1 62. Kf2 Bd3 63. Kg2 Kc7 64. Kf3 h3 65. Kf2 Kb6 {[%emt 0:00:19] Weighted Error Value: White=0.51/Black=0.11 (very precise) .  Mistake:       	White=6     	---        Inaccurate:     	White=3     	Black=1      OK:         	White=17    	Black=22     Best:        	White=2     	Black=5} 0-1

[Event "9th Porticcio Open 2024"]
[Site "Porticcio"]
[Date "2024.07.01"]
[Round "3.9"]
[White "Vuitton, Gilles"]
[Black "Navarro Molina, David"]
[Result "1/2-1/2"]
[ECO "C24"]
[WhiteElo "1980"]
[BlackElo "2076"]
[Annotator "NA RC"]
[PlyCount "109"]
[EventDate "2024.07.01"]
[EventType "swiss"]
[EventCountry "FRA"]
[SourceTitle "playchess.com"]
[Source "ChessBase"]
[SourceQuality "1"]
[TimeControl "5400+30"]

1. e4 e5 2. Bc4 Nf6 3. Qe2 Bc5 4. Nf3 d6 5. c3 Nc6 6. Bb3 Qe7 7. h3 Be6 8. Bc2 a5 9. a4 h6 10. d3 g5 11. Nh2 d5 12. Nd2 O-O-O 13. Ndf1 d4 14. Ng3 Qd7 15. Qf3 Be7 16. Nf5 Bxf5 17. Qxf5 Qxf5 18. exf5 Nd5 19. Bd2 h5 20. g3 f6 21. Bb3 Bc5 22. Bxd5 Rxd5 23. c4 Rdd8 24. f3 Bb4 25. Nf1 Be7 26. h4 b6 27. Ke2 Nb8 28. Rb1 c5 29. Kf2 Rdg8 30. Re1 Bd6 31. Re4 Nc6 32. hxg5 fxg5 33. Kg2 Ne7 34. g4 h4 35. Re2 Kd7 36. Kf2 Rh7 37. Ke1 Rf7 38. Kd1 Rgg7 39. Be1 Ng8 40. Nd2 Nf6 41. Ne4 Nxe4 42. fxe4 Ke7 43. Reh2 Kf6 44. Ke2 Rh7 45. Kf3 Bc7 46. Bd2 Rh8 47. Kg2 Rfh7 48. Kh3 Bd6 49. Rf1 Rf7 50. Rhf2 Rhf8 51. Rf3 Rh8 52. R3f2 Rhf8 53. Rf3 Rh8 54. R3f2 Rhf8 55. Rf3 1/2-1/2

[Event "9th Porticcio Open 2024"]
[Site "Porticcio"]
[Date "2024.07.01"]
[Round "3.11"]
[White "Smadi, Laurent"]
[Black "Tenninger, Marc"]
[Result "1/2-1/2"]
[ECO "B14"]
[WhiteElo "1827"]
[BlackElo "1899"]
[Annotator "NA RC"]
[PlyCount "55"]
[EventDate "2024.07.01"]
[EventType "swiss"]
[EventCountry "FRA"]
[SourceTitle "playchess.com"]
[Source "ChessBase"]
[SourceQuality "1"]
[TimeControl "5400+30"]

1. e4 c6 2. d4 d5 3. exd5 cxd5 4. c4 Nf6 5. Nc3 e6 6. Nf3 Be7 7. Bg5 Nbd7 8. c5 O-O 9. Bb5 a6 10. Bxd7 Bxd7 11. O-O h6 12. Bf4 Bc6 13. b4 Ne4 14. Qc2 Rc8 15. Ne5 Qe8 16. Rfe1 Nxc3 17. Qxc3 Bf6 18. Ng4 Qd8 19. Nxf6+ Qxf6 20. Be5 Qf5 21. Re3 f6 22. Bd6 Rf7 23. Rae1 Re8 24. Rf3 Qg6 25. Rg3 Qf5 26. Rf3 Qg6 27. Rg3 Qf5 28. Rf3 1/2-1/2

[Event "9th Porticcio Open 2024"]
[Site "Porticcio"]
[Date "2024.07.01"]
[Round "4.1"]
[White "Druska, Juraj"]
[Black "Bailet, Pierre"]
[Result "1/2-1/2"]
[ECO "C47"]
[WhiteElo "2466"]
[BlackElo "2491"]
[Annotator "TA"]
[PlyCount "79"]
[EventDate "2024.07.01"]
[EventType "swiss"]
[EventCountry "FRA"]
[SourceTitle "playchess.com"]
[Source "ChessBase"]
[SourceQuality "1"]
[TimeControl "5400+30"]

1. e4 e5 2. Nf3 Nc6 3. Nc3 Nf6 4. a4 d6 5. d4 exd4 6. Nxd4 Be7 7. Bb5 Bd7 8. O-O {[%emt 0:00:18] White is slightly better.} O-O 9. Re1 a6 10. Bxc6 bxc6 11. Qf3 c5 12. Nf5 Bxf5 13. Qxf5 Rb8 14. b3 Re8 15. Bg5 h6 16. Bh4 Qc8 17. Qxc8 Rbxc8 18. e5 dxe5 19. Rxe5 g5 20. Bg3 Ng4 (20... Kf8 $14 {feels stronger.}) 21. Rf5 $16 Bf6 (21... Nf6 $14) 22. Rxc5 Bd4 {[%emt 0:02:39] [#]} 23. Rc4 (23. Rxc7 $2 {too greedy.} Rxc7 (23... Bxc3 $2 24. Rxc8 Rxc8 25. Rd1 $19) 24. Bxc7 Nxf2 $19 (24... Bxc3 $2 25. Rd1 $19) (24... Bxf2+ $2 25. Kf1 $19)) 23... c5 24. h3 Ne3 (24... Ne5 $16 25. Bxe5 Rxe5) 25. fxe3 $18 Rxe3 {[%emt 0:00:04] [#]} 26. Bf2 ({Only move:} 26. Rxd4 $1 $18 cxd4 27. Nd5) 26... Rxc3 $11 {[%emt 0:00:12] The position is equal.} 27. Rd1 Rxc4 28. bxc4 Bxf2+ 29. Kxf2 {[%emt 0:00:06][%mdl 4096] Endgame. KR-KR} Rb8 30. Rd5 Rb2 31. Rxc5 Rxc2+ 32. Kf3 Kg7 33. Rc6 a5 34. Rc5 Kg6 35. Rxa5 Rxc4 36. Ra8 Rc3+ 37. Kf2 Rc2+ 38. Kf3 Rc3+ 39. Kf2 Rc2+ 40. Kf3 {[%emt 0:00:09] Weighted Error Value: White=0.09 (flawless) /Black=0.09 (flawless) .  Missed win:     	White=1     	---        Mistake:       	---       	Black=3      OK:         	White=11    	Black=24     Best:        	White=3     	---} 1/2-1/2

[Event "9th Porticcio Open 2024"]
[Site "Porticcio"]
[Date "2024.07.01"]
[Round "4.2"]
[White "Fedorchuk, Sergey A."]
[Black "Rakotomaharo, Fy Antenaina"]
[Result "1-0"]
[ECO "B40"]
[WhiteElo "2546"]
[BlackElo "2448"]
[Annotator "TA"]
[PlyCount "70"]
[EventDate "2024.07.01"]
[EventType "swiss"]
[EventCountry "FRA"]
[SourceTitle "playchess.com"]
[Source "ChessBase"]
[SourceQuality "1"]
[TimeControl "5400+30"]

1. e4 c5 2. Nf3 e6 3. d4 cxd4 4. Nxd4 Nf6 5. Nd2 e5 6. N4f3 Nc6 7. Bb5 Bc5 {[%emt 0:15:02][%cal Oc5f2] aiming for ...Bxf2+!} 8. O-O {[%emt 0:04:07] The position is equal.} O-O 9. Bxc6 dxc6 10. Nxe5 Re8 11. Nd3 {[%emt 0:00:38] A dynamic duo of knights.} Bg4 (11... Bd4 $11) 12. Qe1 $14 Bb6 13. Kh1 $1 Nxe4 14. Nxe4 f5 {[%emt 0:00:04] Against f3} 15. Bg5 Qd5 ({Black should try} 15... Qd4 $14 16. Nf6+ gxf6) 16. Nf4 $1 $16 Qxe4 17. f3 (17. Qc3 $142 Qa4 18. f3) 17... Qxe1 (17... Qxc2 $2 18. Qh4 $18) 18. Raxe1 h6 19. Be7 $36 {[%emt 0:02:15][%mdl 2048] White is on the roll.} Kf7 20. Bb4 $1 g5 {[%emt 0:02:51] [#]} 21. Rxe8 $1 Rxe8 22. fxg4 gxf4 23. Rxf4 ({Much weaker is} 23. gxf5 $6 Bc7 $11) 23... Re4 $2 {[%emt 0:03:23] [#] Loses the game.} (23... Re2 $16 {is a better defense.}) 24. Rxe4 $1 $18 (24. Rxf5+ Ke8 25. Bd2 Re2 $18) 24... fxe4 {[%emt 0:00:05][%mdl 4096] Endgame. KB-KB} 25. g3 Kg6 26. Kg2 a5 (26... Be3 {might work better.} 27. b3 a6) 27. Bd2 a4 $2 (27... h5 28. gxh5+ Kxh5) 28. Bf4 {[%emt 0:00:47] White is clearly winning.} Bd4 29. b3 axb3 30. axb3 b5 31. Kf1 Bc5 32. Ke2 Bd4 33. Be3 Bb2 34. Kf2 Bc3 35. Bc5 Kg5 {[%emt 0:00:13] Weighted Error Value: White=0.06 (flawless) /Black=0.37.  Loses game:     	---       	Black=1      Mistake:       	White=1     	Black=4      Inaccurate:     	White=1     	Black=2      OK:         	White=14    	Black=8      Best:        	White=2     	Black=2      Strong:       	White=5     	---} 1-0

[Event "9th Porticcio Open 2024"]
[Site "Porticcio"]
[Date "2024.07.01"]
[Round "4.4"]
[White "Batsiashvili, Nino"]
[Black "Roux, Baptiste"]
[Result "1-0"]
[ECO "D25"]
[WhiteElo "2450"]
[BlackElo "2352"]
[Annotator "TA"]
[PlyCount "109"]
[EventDate "2024.07.01"]
[EventType "swiss"]
[EventCountry "FRA"]
[SourceTitle "playchess.com"]
[Source "ChessBase"]
[SourceQuality "1"]
[TimeControl "5400+30"]

1. d4 d5 2. c4 dxc4 3. Nf3 Nf6 4. e3 a6 5. Bxc4 b5 6. Be2 Bb7 7. O-O e6 8. a4 {[%emt 0:00:39] White has an edge.} b4 9. Nbd2 c5 10. Nc4 Nbd7 11. a5 Be7 12. dxc5 Nxc5 13. Bd2 Nd5 14. Qe1 Rb8 15. Nd4 O-O 16. Rd1 Qc7 17. f3 Bf6 18. Qg3 Qxg3 19. hxg3 Rfd8 20. Bc1 e5 21. Nf5 b3 (21... e4 $11 {keeps the balance.}) 22. e4 $16 Nb4 23. Be3 $36 {[%emt 0:00:12][%mdl 2048] Keeping Black busy.} Ne6 ({Black should play} 23... Na4) 24. Bb6 Rxd1 25. Bxd1 Nc2 26. Bxc2 bxc2 {[%emt 0:00:02] [#]} 27. Rc1 $1 Bc6 28. Rxc2 Ba4 29. Rd2 Rc8 30. Nfd6 {[%emt 0:02:08] White has more active pieces. A dynamic duo of knights.} Rc6 31. Rd3 Be7 32. b3 Bxd6 33. Nxd6 Nd4 34. bxa4 $18 Rxd6 {[%emt 0:00:07][%mdl 4096] Endgame. KRB-KRN} 35. Kf2 {[%emt 0:00:15] Against Ne2} f6 (35... h5 $142 36. Rd2 Nf5) 36. Bxd4 exd4 {[%emt 0:00:31] KR-KR} 37. Ke2 Kf7 38. Rb3 Rc6 39. Kd3 {[%emt 0:00:58] [#] Prevents Rc2. Black must now prevent Rb7+.} Rc5 40. Kxd4 Rxa5 41. Rb4 Kg6 42. g4 h5 43. gxh5+ Kxh5 44. Rc4 Kh4 45. g4 (45. Rc7 $16 Rg5 (45... Rxa4+ 46. Ke3 $11) 46. f4 Rxg2 47. f5) 45... Kg3 ({Better is} 45... Kh3 $1 $14) 46. Ke3 $16 Kg2 $2 (46... g5 $16 47. Rc6 Rxa4) 47. Kf4 $2 (47. f4 $18) 47... Kh3 $2 (47... Kf1 $16 {is a better defense.}) 48. Rd4 $18 Rc5 $2 (48... Kg2 {keeps fighting.} 49. Rd2+ Kf1) 49. Rd5 {[%emt 0:00:14] White is clearly winning.} Rc3 50. g5 {[%emt 0:00:15] Hoping for gxf6.} Kg2 51. Rd2+ Kh3 52. gxf6 gxf6 53. Rd6 Kg2 54. Rxf6 (54. Rxa6 Rxf3+ 55. Kg4 Kf2 $18) 54... Rxf3+ 55. Ke5 {[%emt 0:00:04] Weighted Error Value: White=0.19 (very precise) /Black=0.30.  Loses game:     	---       	Black=2      Missed win:     	White=1     	---        Mistake:       	White=1     	Black=6      Inaccurate:     	---       	Black=3      OK:         	White=19    	Black=22     Best:        	White=4     	Black=1      Strong:       	White=1     	---} 1-0

[Event "9th Porticcio Open 2024"]
[Site "Porticcio"]
[Date "2024.07.01"]
[Round "4.5"]
[White "Yankelevich, Lev"]
[Black "Malassagne, Raphael"]
[Result "1-0"]
[ECO "A57"]
[WhiteElo "2416"]
[BlackElo "2259"]
[Annotator "TA"]
[PlyCount "99"]
[EventDate "2024.07.01"]
[EventType "swiss"]
[EventCountry "FRA"]
[SourceTitle "playchess.com"]
[Source "ChessBase"]
[SourceQuality "1"]
[TimeControl "5400+30"]

1. d4 Nf6 2. c4 c5 3. d5 b5 4. cxb5 a6 5. e3 Bb7 6. Nc3 Qa5 7. Bd2 axb5 8. Bxb5 Qb6 9. Nf3 {[%emt 0:10:26][%cal Bg1f3,Bf3e5,Be5d3][%mdl 32] Strongly threatening Qb3.} Nxd5 10. a4 e6 11. Ne5 Be7 {[%emt 0:07:14] The position is equal.} 12. O-O O-O 13. Qe2 (13. Bxd7 $2 Qc7 14. Bxe6 (14. Nxd5 $2 Bxd5 15. Bb5 Qxe5 $19) 14... fxe6 (14... Qxe5 $2 15. Bxd5 Bxd5 16. f4 $19) 15. Nxd5 exd5 $19) (13. Nxd7 $14 Nxd7 14. Bxd7) 13... Qc7 (13... Nb4 $15) 14. Nxd5 $11 exd5 15. Nd3 Bc6 ({Black should try} 15... Bd6 $11) 16. Bc3 Bd6 17. Qh5 Na6 18. Ne5 $40 {[%emt 0:02:57][%mdl 128] White mounts an attack.} Bxe5 (18... Nb4 $14) 19. Bxe5 $16 d6 (19... Qd8 $142) 20. Bc3 (20. Bxg7 $142 $1 {Bf6 would kill now.} Kxg7 21. Qg5+ Kh8 22. Qf6+ Kg8 23. Qg5+ Kh8 24. Qf6+ Kg8 25. e4) 20... Qd7 21. Qg5 {[%emt 0:03:48][%csl Gc3][%cal Rg5g7] White has more active pieces.} f6 {[%emt 0:01:01] [#]} 22. Qxd5+ Bxd5 23. Bxd7 Rfd8 24. Bb5 Nc7 25. Be2 Bb3 26. a5 d5 27. Ra3 c4 28. Rc1 Kf7 29. Bd4 Ne6 {[%emt 0:01:07] [#]} 30. Bb6 $1 {[%emt 0:00:21] A strong pair of Bishops.} Rd6 31. Bd1 Bxd1 32. Rxd1 f5 33. Rc3 Rc8 34. f3 (34. b4 $18 {is more deadly.}) 34... f4 35. e4 ({White should play} 35. b3 {Hoping for e4.} fxe3 36. Bxe3) 35... d4 36. Ra3 Ra8 (36... Nc7 $16) 37. Raa1 (37. Kf1 $18) 37... d3 (37... g5 $16 {was necessary.}) 38. Rac1 $18 Rc8 39. Rc3 Nd4 {[%emt 0:02:47] [#]} (39... Rcc6 $16 40. e5 (40. b3 cxb3 41. Rxb3 d2 $16) 40... Rd5) 40. Bxd4 $1 Rxd4 {[%emt 0:00:06][%mdl 4096] Endgame. KRR-KRR} 41. b3 Ra8 42. Rxc4 ({But not} 42. bxc4 Rxa5 43. c5 (43. Rcxd3 Rxc4 44. Rd7+ Kg8 $16) (43. Rdxd3 Ra1+ 44. Kf2 Ra2+ 45. Kf1 Ra1+ 46. Ke2 Ra2+ 47. Kd1 Rxd3+ 48. Rxd3 Rxg2 $16) 43... Rb4 $16) 42... Rxc4 43. bxc4 Rxa5 44. Rxd3 {[%emt 0:00:02] KR-KR} Ra1+ 45. Kf2 Ra2+ 46. Kf1 Ke6 (46... Rc2 $142 47. Rd5 Rxc4) 47. c5 Rc2 48. Rd5 g6 49. h4 Rc1+ (49... Kf6 $142 50. Kg1 Kg7) 50. Ke2 {[%emt 0:00:03] Weighted Error Value: White=0.17 (very precise) /Black=0.31.  Mistake:       	White=5     	Black=9      Inaccurate:     	White=2     	Black=3      OK:         	White=16    	Black=10     Best:        	White=5     	Black=1      Strong:       	White=1     	---        Brilliant:      	White=1     	---} 1-0

[Event "9th Porticcio Open 2024"]
[Site "Porticcio"]
[Date "2024.07.01"]
[Round "4.6"]
[White "Terrieux, Kevin"]
[Black "Pak, Alexander"]
[Result "1/2-1/2"]
[ECO "D10"]
[WhiteElo "2408"]
[BlackElo "2200"]
[Annotator "TA"]
[PlyCount "71"]
[EventDate "2024.07.01"]
[EventType "swiss"]
[EventCountry "FRA"]
[SourceTitle "playchess.com"]
[Source "ChessBase"]
[SourceQuality "1"]
[TimeControl "5400+30"]

1. d4 d5 2. c4 c6 3. cxd5 cxd5 4. Bg5 f6 5. Bd2 e5 {[%emt 0:00:48] [#]} 6. e4 $1 Nc6 (6... dxe4 7. dxe5) 7. dxe5 $1 dxe4 8. Nc3 Nxe5 9. Qa4+ Bd7 10. Qxe4 {[%emt 0:01:54][%cal Of2f4] Black must now prevent f4!} Bc6 $1 11. Qe2 Qe7 {[%emt 0:06:40] ...Nd3+ would now be deadly.} 12. O-O-O $1 O-O-O {[%emt 0:00:46] Hoping for ...Nd3+.} 13. Be3 Kb8 14. Rxd8+ (14. Nf3 $14 {might be stronger.}) 14... Qxd8 $11 15. f4 Nd7 16. Nf3 Bc5 17. Nd4 {[%emt 0:04:05] The position is equal.} Bxd4 18. Bxd4 Nh6 19. Qf2 b6 20. Bd3 {[%emt 0:03:39] [#]} Nc5 $1 21. Be2 {[%emt 0:26:41] [#] This pair of bishops is nice.} (21. Bc4 Ne4) 21... Ng4 $1 22. Qg1 Ne6 23. Bxg4 Nxd4 24. Qf2 {[%emt 0:00:31] aiming for Rd1.} h5 25. Rd1 hxg4 26. Rxd4 Qc7 27. g3 Kb7 28. Rd2 Re8 29. Re2 Rxe2 30. Qxe2 {[%emt 0:00:24][%mdl 4096] Endgame. KQB-KQN} Bf3 31. Qd3 Qc5 32. Qd7+ Ka6 33. Qa4+ Kb7 34. Qd7+ Ka6 35. Qa4+ Kb7 36. Qd7+ {[%emt 0:06:31] A balanced but interesting game.   Weighted Error Value: White=0.06 (flawless) /Black=0.05 (flawless) .  Mistake:       	White=1     	---        Inaccurate:     	White=1     	Black=1      OK:         	White=14    	Black=12     Best:        	---       	Black=3      Strong:       	White=2     	Black=1      Brilliant:      	---       	Black=1} 1/2-1/2